 Dungeon Crawl Stone Soup version 0.24-a0-507-g3e8b242632 (webtiles) character file.

Game seed: 14430574593466154582

1757 GameOver the Stinger (level 9, 0/68 HPs)
             Began as a Naga Wizard on July 18, 2019.
             Shot with a sling bullet by Joseph (11 damage)
             ... on level 7 of the Dungeon.
             The game lasted 00:28:43 (4631 turns).

GameOver the Stinger (Naga Wizard)                  Turns: 4631, Time: 00:28:43

Health: 0/68       AC:  5    Str: 13    XL:     9   Next: 6%
Magic:  18/18      EV: 10    Int: 21    God:
Gold:   317        SH:  0    Dex:  9    Spells: 11/20 levels left

rFire    . . .     SeeInvis +   W - +0 quarterstaff
rCold    . . .     Gourm    .   (shield currently unavailable)
rNeg     . . .     Faith    .   a - +0 robe
rPois    +         Spirit   .   t - +0 helmet
rElec    .         Reflect  .   E - scarf {repulsion}
rCorr    .         Harm     .   (no gloves)
MR       +....                  (no barding)
Stlth    +++.......             (no amulet)
HPRegen  0.21/turn              (no ring)
MPRegen  0.16/turn              (no ring)

@: repel missiles, very slow
A: large, see invisible, deformed body, poison resistance, slowness 2, slow
metabolism 1, spit poison 1, strong 1, AC +3
a: Spit Poison


You were on level 7 of the Dungeon.
You were not hungry.

You visited 2 branches of the dungeon, and saw 8 of its levels.

You collected 317 gold pieces.

Inventory:

Hand Weapons
 f - a +0 broad axe of distortion
 u - a +1 dagger of flaming
 w - a +2 dagger of venom
 B - a +0 vampiric short sword
 C - a +0 trident
 W - a +0 quarterstaff (weapon)
Missiles
 h - 3 boomerangs of dispersal (quivered)
 n - 10 boomerangs
Armour
 a - a +0 robe (worn)
 q - a +0 leather armour
 t - a +0 helmet (worn)
 y - a +1 cloak
 E - a scarf of repulsion (worn)
Jewellery
 g - an uncursed amulet of faith
Wands
 e - a wand of random effects (3)
 A - a wand of iceblast (17)
 I - a wand of paralysis (15)
Scrolls
 j - 3 scrolls of enchant armour
 l - 2 scrolls of amnesia {unknown}
 m - a scroll of fog {unknown}
 o - 3 scrolls of teleportation
 p - a scroll of immolation {unknown}
 r - a scroll of identify
 s - a scroll of enchant weapon {unknown}
 J - a scroll of remove curse
Potions
 b - a potion of flight {unknown}
 c - 2 potions of degeneration {unknown}
 i - 2 potions of mutation {unknown}
 k - a potion of lignification
 v - a potion of invisibility
 x - 2 potions of curing
 z - a potion of ambrosia {unknown}
 F - a potion of heal wounds {unknown}
 G - 2 potions of might
 H - a potion of magic {unknown}
Comestibles
 d - 8 rations


   Skills:
 + Level 3.3 Staves
 - Level 1.5 Dodging
 - Level 6.1 Stealth
 - Level 6.1 Spellcasting
 - Level 6.0 Conjurations
   Level 1.0 Summonings
 - Level 3.0 Translocations
 - Level 6.1 Poison Magic


You had 11 spell levels left.
You knew the following spells:

 Your Spells              Type           Power        Failure   Level  Hunger
a - Magic Dart            Conj           ####         1%          1    None
b - Blink                 Tloc           N/A          4%          2    None
d - Mephitic Cloud        Conj/Pois/Air  ###.....     5%          3    ##.....
f - Conjure Flame         Conj/Fire      ###.....     9%          3    ##.....

Your spell library contained the following spells:

 Spells                   Type           Power        Failure   Level  Hunger
 Call Imp                 Summ           ##......     10%         2    None
 Slow                     Hex            #.......     14%         2    None


Dungeon Overview and Level Annotations

Branches:
Dungeon (7/15)             Temple (1/1) D:5

Altars:
Ashenzari
Dithmenos
Elyvilon
Fedhas
Gozag
Hepliaklqana
Makhleb
Nemelex Xobeh
Okawaru
Qazlal
Ru
Sif Muna
Trog
Vehumet
Wu Jian
Xom
Zin
The Shining One

Annotations:
D:7 Joseph, Menkaure


Innate Abilities, Weirdness & Mutations

You cannot wear boots.
Your serpentine skin is tough. (AC +3)
You have supernaturally acute eyesight. (SInv)
Armour fits poorly on your strangely shaped body.
Your system is resistant to poisons. (rPois)
You cover ground very slowly.
You have a slow metabolism.
You can spit poison.
Your muscles are strong. (Str +2)


Message History

You eat one of the 9 rations.
That ration really hit the spot!
You climb downwards.
You hear the roar of battle.
There is an entrance to a bailey on this level.
Hurry and find it before the portal closes forever!
Level annotation: Joseph, Menkaure An ogre comes into view.
It is wielding a +0 giant club.
The ogre moves out of view.
There is a stone staircase leading up here.
You see here a stone.
You see here a kobold corpse.
Joseph unwields a +0 quarterstaff.
Joseph wields a +0 hunting sling.
Joseph shoots a sling bullet.
The sling bullet hits you!
You see here a sling bullet.
Joseph shoots a sling bullet.
The sling bullet hits you!!
* * * LOW HITPOINT WARNING * * *
Things that are here:
a sling bullet; a kobold corpse Unknown command.
You feel better.
Joseph shoots a sling bullet.
The sling bullet hits you!
You die...

**,≈≈≈≈≈≈≈,,,,,,*,##....##***
***,,,,....,#,,...,#......,,,*
*,,,,,,.....#.##.#*#.....###,*
****,,,,,,,....#.#..###.......#.#
,,,,,,,,,,,,...,.....(@..@5......
,,**,,,,,,,**#†###.....#O#5#,,,,,
,,**,,∩,,..###...#..##...F.#,,,,,
,,,,,,,,,.........(......###,,,,,
,*******######.#@<#......# *,,,,,
** *,,.......(†).......#**###**
*,,.........#............#
*,,........####..##.####.#
*,,.......)#**#...).# #.###
***.........,,##.##.####...M
*.####.###*,*#..#.#.......
*,**,..,,**,,##.#.#<......
*,*,...,,,*,,*,..,#.......


You could see Joseph.

Vanquished Creatures
  Sigmund (D:3)
  A sky beast (D:5)
  A necrophage (D:5)
  2 centaurs
  3 bullfrogs
  A big kobold (D:7)
  2 scorpions (D:7)
  A howler monkey (D:5)
  A hound (D:4)
  A quasit (D:5)
  A bullfrog skeleton (D:4)
  An orc priest (D:4)
  Ijyb (D:3)
  Jessica (D:3)
  Terence (D:2)
  9 orc wizards
  4 iguanas
  2 worker ants
  Natasha (twice) (D:3)
  A hound zombie (D:5)
  Robin (D:2)
  8 adders
  6 oozes
  2 worms (D:2)
  3 dart slugs (D:1)
  6 leopard geckos
  11 orcs
  7 bats
  4 giant cockroaches
  8 hobgoblins
  A quokka (D:4)
  A ball python (D:1)
  3 frilled lizards
  12 goblins
  A jackal zombie (D:6)
  13 kobolds
  A quokka zombie (D:6)
  9 rats
134 creatures vanquished.

Notes
Turn   | Place    | Note
-------+----------+-------------------------------------------
     0 | D:1      | GameOver the Naga Wizard began the quest for the Orb.
     0 | D:1      | Reached XP level 1. HP: 15/15 MP: 4/4
   139 | D:1      | Reached XP level 2. HP: 22/22 MP: 0/6
   143 | D:1      | Learned a level 2 spell: Blink
   319 | D:1      | Reached XP level 3. HP: 22/28 MP: 7/7
   324 | D:1      | Learned a level 3 spell: Mephitic Cloud
   679 | D:2      | Reached XP level 4. HP: 33/36 MP: 3/8
   713 | D:2      | Noticed Terence
   748 | D:2      | Killed Terence
   808 | D:2      | Learned a level 3 spell: Conjure Flame
   892 | D:2      | Noticed Robin
   903 | D:2      | Killed Robin
   903 | D:2      | Reached XP level 5. HP: 36/42 MP: 0/9
  1364 | D:3      | Reached skill level 5 in Conjurations
  1393 | D:3      | Noticed Ijyb
  1405 | D:3      | Reached XP level 6. HP: 38/49 MP: 3/10
  1453 | D:3      | Noticed Jessica
  1458 | D:3      | Killed Jessica
  1459 | D:3      | Noticed Natasha
  1463 | D:3      | Killed Natasha
  1463 | D:3      | Reached skill level 1 in Poison Magic
  1576 | D:3      | Killed Ijyb
  1633 | D:3      | Noticed Sigmund
  1659 | D:3      | Killed Sigmund
  1659 | D:3      | Reached XP level 7. HP: 45/55 MP: 8/11
  1665 | D:3      | Reached skill level 5 in Poison Magic
  1677 | D:3      | Noticed Natasha
  1682 | D:3      | Killed Natasha
  2082 | D:4      | Found a burning altar of Makhleb.
  2339 | D:5      | Entered Level 5 of the Dungeon
  2373 | D:5      | Reached skill level 5 in Stealth
  2373 | D:5      | Reached XP level 8. HP: 58/62 MP: 5/14
  2957 | D:5      | Reached skill level 5 in Spellcasting
  3051 | D:5      | Found a staircase to the Ecumenical Temple.
  3057 | Temple   | Entered the Ecumenical Temple
  3627 | D:6      | Reached skill level 1 in Staves
  3726 | D:6      | Found a shadowy altar of Dithmenos.
  4053 | D:6      | Gained mutation: Your muscles are strong. (Str +2)
                  | [mutagenic glow]
  4500 | D:7      | Reached XP level 9. HP: 68/68 MP: 15/18
  4537 | D:7      | Noticed Joseph
  4543 | D:7      | Noticed Menkaure
  4631 | D:7      | Shot with a sling bullet by Joseph

Levels and vault maps discovered:
D:1:      dpeg_arrival_boxorama, layout_rooms, minmay_tetromino_l2
D:2:      layout_loops_ring, eino_curves_02, uniq_terence, uniq_robin
D:3:      layout_rooms, first_ration, uniq_natasha, uniq_ijyb, uniq_jessica,
          uniq_sigmund
D:4:      layout_cave_pools, makhleb_heckhound_becter
D:5:      layout_basic, temple_green, st_stairs_3
D:6:      layout_gridville, basic_altar, dk_noncrumbling_2
D:7:      layout_basic, old_standard_altar, enter_bailey_3, serial_shops, shop,
          uniq_menkaure, uniq_joseph
Temple:   hc_temple_tempest_star

Skill      XL: |  1  2  3  4  5  6  7  8  9 |
---------------+----------------------------+-----
Conjurations   | 2 3 4 5 6 |  6.0
Poison Magic   | 4 6 |  6.1
Stealth        | 5 6 |  6.1
Spellcasting   | 4 6 |  6.1
Staves         | 2 3 |  3.3
Translocations | 3 |  3.0
Dodging        | |  1.5
Summonings     | |  1.0

Action                   |  1- 3 |  4- 6 |  7- 9 || total
-------------------------+-------+-------+-------++-------
Melee: Dagger            |    10 |    48 |    52 ||   110
       Trident           |       |       |     4 ||     4
       Quarterstaff      |       |       |    38 ||    38
 Cast: Magic Dart        |    33 |    45 |    94 ||   172
       Mephitic Cloud    |       |     6 |     7 ||    13
       Conjure Flame     |       |       |     4 ||     4
 Abil: Spit Poison       |    20 |    39 |    61 ||   120
Evoke: Wand              |       |       |     5 ||     5
  Use: Scroll            |       |       |    10 ||    10
       Potion            |       |       |     2 ||     2
 Stab: Sleeping          |     2 |     1 |     1 ||     4
  Eat: Chunk             |       |     6 |     8 ||    14
       Ration            |       |       |     2 ||     2
Armor: Robe              |       |    12 |    32 ||    44
Dodge: Dodged            |     2 |    22 |    54 ||    78
       Deflected         |       |       |     3 ||     3

Table legend:
 A = Non-vault XP
 B = Vault XP
 C = Vault XP percentage of total XP
 D = Non-vault monster count
 E = Vault monster count
 F = Vault count percentage of total count
                 A         B        C        D         E       F
            +---------+---------+-------+---------+---------+-------
      Total |    1819 |     692 |  27.6 |     117 |      17 |  12.7
            +---------+---------+-------+---------+---------+-------
        D:1 |      46 |       1 |   2.1 |      22 |       1 |   4.3
        D:2 |      94 |      64 |  40.5 |      23 |       9 |  28.1
        D:3 |     179 |     328 |  64.7 |      19 |       4 |  17.4
        D:4 |     374 |      45 |  10.7 |      16 |       1 |   5.9
        D:5 |     322 |     254 |  44.1 |      12 |       2 |  14.3
        D:6 |     569 |       0 |   0.0 |      19 |       0 |   0.0
        D:7 |     235 |       0 |   0.0 |       6 |       0 |   0.0
            +---------+---------+-------+---------+---------+-------
